 Dungeon Crawl Stone Soup version 0.24-a0-443-g80245de (webtiles) character file.

Game seed: 11293768471393476330

20318 MatthieuS the Carver (level 13, -3/100 HPs)
             Began as a Human Wanderer on June 20, 2019.
             Was a High Priest of Okawaru.
             Slain by Snorg (20 damage)
             ... on level 3 of the Lair of Beasts.
             The game lasted 00:40:13 (17507 turns).

MatthieuS the Carver (Human Wanderer)              Turns: 17507, Time: 00:40:13

Health: -3/100     AC: 19    Str: 22    XL:     13   Next: 11%
Magic:  17/17      EV: 11    Int: 11    God:    Okawaru [*****.]
Gold:   369        SH:  3    Dex: 16    Spells: 4/12 levels left

rFire    + + .     SeeInvis +   a - +1 scimitar (flame)
rCold    + + +     Gourm    .   (no shield)
rNeg     . . .     Faith    .   H - +0 plate armour of the Will of the Gods {rF+ rC+ Str+6 SInv}
rPois    +         Spirit   .   g - +0 helmet
rElec    +         Reflect  +   f - +2 cloak {MR+}
rCorr    +         Harm     .   (no gloves)
MR       +....                  (no boots)
Stlth    ..........             m - +3 amulet of reflection
HPRegen  0.26/turn              P - ring of stealth
MPRegen  0.15/turn              t - ring of protection from cold

@: resistant
A: mutation resistance 1
a: Heroism, Finesse, Renounce Religion


You were on level 3 of the Lair of Beasts.
You worshipped Okawaru.
Okawaru was extremely pleased with you.
You were not hungry.

You visited 3 branches of the dungeon, and saw 14 of its levels.
You also visited: Ossuary and Ice Cave.

You collected 717 gold pieces.
You spent 348 gold pieces at shops.

Inventory:

Hand Weapons
 a - a +1 scimitar of flaming (weapon)
   (You took it off Erica on level 9 of the Dungeon)
 q - a +0 dagger of venom
   (You took it off a goblin on level 1 of the Dungeon)
 w - a +0 shortbow
 M - a +0 scimitar of protection
   (You took it off a wight on level 10 of the Dungeon)
Missiles
 i - 405 arrows
 u - 6 throwing nets {!f}
 y - 7 curare-tipped darts (quivered) {!f}
 Q - 3 poisoned darts
Armour
 f - a +2 cloak of magic resistance (worn)
   (You found it in an ice cave)
 g - a +0 helmet (worn)
   (You found it on level 6 of the Dungeon)
 H - the +0 plate armour of the Will of the Gods (worn) {rF+ rC+ Str+6 SInv}
   (You found it on level 7 of the Dungeon)

   It affects your strength (+6).
   It protects you from fire.
   It protects you from cold.
   It lets you see invisible.
Magical Staves
 h - an uncursed staff of energy {!a}
   (You found it on level 3 of the Dungeon)
Jewellery
 m - a +3 amulet of reflection (around neck)
   (You found it on level 1 of the Dungeon)
 t - a ring of protection from cold (right hand)
   (You took it off a gnoll sergeant on level 9 of the Dungeon)
 A - an uncursed ring of flight
   (You found it on level 8 of the Dungeon)
 B - an uncursed ring of magical power
   (You found it on level 10 of the Dungeon)
 P - a ring of stealth (left hand)
   (You found it on level 2 of the Lair of Beasts)
Wands
 d - a wand of iceblast (20)
   (You found it on level 10 of the Dungeon)
 s - a wand of random effects (16)
   (You found it on level 8 of the Dungeon)
 v - a wand of digging (4)
   (You found it on level 2 of the Lair of Beasts)
 x - a wand of enslavement (1)
   (You took it off Erica on level 9 of the Dungeon)
Scrolls
 b - 4 scrolls of enchant weapon
 c - 3 scrolls of random uselessness
 j - 3 scrolls of fear
 k - 6 scrolls of teleportation {@r4}
 l - 3 scrolls of amnesia
 n - 7 scrolls of remove curse {@r2}
 o - 2 scrolls of enchant armour
 p - 2 scrolls of fog
 z - a scroll of magic mapping
 C - a scroll of blinking
 G - a scroll of immolation {!r}
 I - a scroll of vulnerability {!r}
Potions
 E - a potion of ambrosia {unknown}
 F - 2 potions of mutation {!q}
 J - 3 potions of curing {@q1}
 K - a potion of magic {unknown}
 N - 3 potions of might {unknown}
 O - a potion of haste {@q3}
 R - 3 potions of flight
Comestibles
 e - 17 rations
 L - 3 chunks of flesh


   Skills:
 + Level 8.8 Fighting
 - Level 3.7(7.9) Short Blades
 + Level 10.7(11.0) Long Blades
   Level 2.2 Axes
 + Level 8.6 Bows
 - Level 1.3 Throwing
 + Level 9.2 Armour
 + Level 7.0 Dodging
 + Level 2.3 Stealth
   Level 1.0 Shields
 + Level 5.9 Invocations


You had 4 spell levels left.
You knew the following spells:

 Your Spells              Type           Power        Failure   Level  Hunger
a - Portal Projectile     Hex/Tloc       #.....       100%        3    ####...
b - Cause Fear            Hex            #.........   100%        4    #####..
c - Corona                Hex            #......      99%         1    ##.....

Your spell library contained the following spells:

 Spells                   Type           Power        Failure   Level  Hunger
 Beastly Appendage        Tmut           #.....       99%         1    ##.....
 Slow                     Hex            #.......     100%        2    ###....
 Sticks to Snakes         Tmut           #.......     100%        2    ###....
 Inner Flame              Hex/Fire       #.......     100%        3    ####...
 Spider Form              Tmut/Pois      #.........   100%        3    ####...
 Ice Form                 Ice/Tmut       #.......     100%        4    #####..
 Leda's Liquefaction      Hex/Erth       #.........   100%        4    #####..
 Blade Hands              Tmut           #.........   100%        5    ######.


Dungeon Overview and Level Annotations

Branches:
Dungeon (10/15)            Temple (1/1) D:5            Lair (3/6) D:8
    Orc (0/2) D:10
  Swamp: Lair:2-4    Shoals: Lair:2-4     Snake: Lair:2-4    Spider: Lair:2-4

Altars:
Ashenzari
Cheibriados
Dithmenos
Elyvilon
Fedhas
Gozag
Hepliaklqana
Kikubaaqudgha
Makhleb
Nemelex Xobeh
Okawaru
Qazlal
Ru
Sif Muna
Trog
Uskayaw
Vehumet
Wu Jian
Xom
Yredelemnul
Zin
The Shining One

Shops:
D:8 ?

Annotations:
D:7 1 transporter
D:8 1 runed translucent door, jgonzale2218's ghost, novice HOMo
Lair:3 Snorg


Innate Abilities, Weirdness & Mutations

You are somewhat resistant to further mutation.


Message History

You block Gastronok's attack.
You slice Gastronok!! You burn Gastronok. You slash Gastronok!
You burn Gastronok.
Some of the chunks of flesh in your inventory have rotted away.
You slash Gastronok! You burn Gastronok. Gastronok bites you!!
You hit Gastronok. You burn Gastronok. You hit Gastronok. You burn Gastronok.
You hit Gastronok but do no damage. You punch Gastronok, but do no damage.
Gastronok bites you but does no damage.
You hit Gastronok. You burn Gastronok. You slash Gastronok! You burn Gastronok.
You hit Gastronok. You burn Gastronok.
You kill Gastronok!
Okawaru is honoured by your kill. Something appears at your feet!
Okawaru grants you a weapon!
Your base Dodging skill increases to level 7!
Your base Stealth skill increases to level 2!
You have reached level 13!
Throwing (i - inventory. (/) - cycle)
y - 8 curare-tipped darts (quivered)
{!f}
Aim: Snorg Really fire
y - 8 curare-tipped darts {!f}?
You throw a curare-tipped dart {!f}. The curare-tipped dart {!f} hits Snorg.
Snorg is poisoned.
Snorg convulses.
Snorg seems to slow down.
You hit Snorg. You burn Snorg.
You feel like a meek peon again. You block Snorg's attack.
Snorg claws you but does no damage. Snorg closely misses you.
You hit Snorg. You burn Snorg. Snorg misses you. Snorg claws you.
You block Snorg's attack.
You slash Snorg! You burn Snorg. You closely miss Snorg. Snorg bites you!
Snorg closely misses you. Snorg claws you but does no damage.
You slash Snorg! You burn Snorg! You slice Snorg!! You burn Snorg!
Snorg shakes off her lethargy.
Snorg goes berserk!
You barely miss Snorg. Snorg bites you. Snorg completely misses you.
Snorg claws you!
You barely miss Snorg. You block Snorg's attack. Snorg closely misses you.
Snorg claws you. Snorg bites you!
* * * LOW HITPOINT WARNING * * *
Snorg claws you.
* * * LOW HITPOINT WARNING * * *
Snorg barely misses you.
You closely miss Snorg. Snorg bites you but does no damage. Snorg claws you!
* * * LOW HITPOINT WARNING * * *
Snorg claws you!
* * * LOW HITPOINT WARNING * * *
You hit Snorg. You burn Snorg. Snorg bites you!!
You die...

#..........###.+........
..........#.##..........
..........#.............
P#........#.##.#........
##..........####........
#..........## #.........
##.........# ##........
###..รท##.## #........
##..<#### ###@.#.#+P#
###...#### #PT###...##
#.....#P.##.###...<..##
...........# ...w...#
#.........P# P..[...(..
#......................
#.........##.#.........
..........#............
.###..>..=## #....T....


You could see Snorg (berserk).

Vanquished Creatures
  Gastronok (Lair:3)
  A hydra (Lair:1)
  Erica (D:9)
  An unseen horror (D:10)
  A necromancer (IceCv)
  3 black mambas
  2 ice statues (IceCv)
  5 spiny frogs
  3 komodo dragons
  11 ice devils (IceCv)
  A hippogriff (D:7)
  5 blink frogs (Lair:2)
  Sigmund (D:2)
  4 wraiths (D:9)
  11 yaks
  A hungry ghost (D:10)
  Grum (D:9)
  A porcupine (Lair:3)
  2 water moccasins (Lair:1)
  2 orc warriors
  A swamp drake (D:7)
  9 ice beasts
  2 phantoms
  An eye of draining (D:8)
  A black bear (D:7)
  4 sky beasts
  2 wolves (D:9)
  A tengu (D:9)
  2 ogres
  A centaur (D:8)
  4 crocodiles
  2 big kobolds
  8 bullfrogs
  2 gnoll sergeants
  4 scorpions
  2 killer bees (D:9)
  5 wights (D:10)
  An electric eel (Lair:1)
  8 howler monkeys
  2 crimson imps
  2 bullfrog zombies
  3 draconian simulacra (IceCv)
  2 hounds
  2 jellies
  3 bullfrog skeletons
  A centaur skeleton (D:7)
  4 iguanas
  An iron imp (D:7)
  9 worker ants
  11 orc wizards
  2 troll simulacra (IceCv)
  A big kobold zombie (Ossuary)
  A centaur simulacrum (IceCv)
  A hound zombie (Ossuary)
  2 mummies (Ossuary)
  A worker ant zombie (D:9)
  12 gnolls
  8 adders
  3 naga simulacra (IceCv)
  An ogre simulacrum (IceCv)
  2 shadow imps (D:6)
  3 adder zombies
  2 adder skeletons (D:4)
  8 dart slugs
  7 leopard geckos
  26 orcs
  A ball python (D:5)
  2 giant cockroaches
  6 goblins
  4 hobgoblins
  6 jackals
  25 kobolds
  2 quokkas
  11 bats
  5 frilled lizards
  4 jackal zombies (Ossuary)
  A leopard gecko skeleton (D:5)
  A quokka zombie (D:5)
  4 rats
  3 rat zombies
313 creatures vanquished.

Vanquished Creatures (collateral kills)
  A killer bee (D:9)
1 creature vanquished.

Vanquished Creatures (others)
  A centaur (D:7)
  2 killer bees (D:9)
  An orc wizard (D:6)
  A fungus (D:8)
  6 plants (D:8)
11 creatures vanquished.

Grand Total: 325 creatures vanquished

Notes
Turn   | Place    | Note
-------+----------+-------------------------------------------
     0 | D:1      | MatthieuS the Human Wanderer began the quest for the Orb.
     0 | D:1      | MatthieuS set off with the following items: a +2 hand axe,
                  | a +0 ring mail, a +0 shortbow, 27 arrows, a ration
     0 | D:1      | Reached XP level 1. HP: 15/15 MP: 1/1
   309 | D:1      | Reached XP level 2. HP: 9/21 MP: 2/2
   792 | D:1      | Reached XP level 3. HP: 26/26 MP: 3/3
  1239 | D:2      | Reached skill level 1 in Short Blades
  1397 | D:2      | Noticed Sigmund
  1428 | D:2      | Killed Sigmund
  1428 | D:2      | Reached XP level 4. HP: 24/34 MP: 4/4
  1428 | D:2      | Reached XP level 5. HP: 28/39 MP: 5/5
  1428 | D:2      | Reached XP level 6. HP: 33/46 MP: 6/6
  2230 | D:3      | Found a deep blue altar of Sif Muna.
  2853 | D:4      | Reached XP level 7. HP: 39/52 MP: 7/7
  3713 | D:4      | Found a sparkling altar of Nemelex Xobeh.
  3825 | D:5      | Entered Level 5 of the Dungeon
  3995 | D:5      | Found a stormy altar of Qazlal.
  4036 | D:5      | Reached skill level 1 in Long Blades
  4130 | D:5      | Found a sand-covered staircase.
  4144 | Ossuary  | Entered an ossuary
  4204 | Ossuary  | Gained mutation: Scrolls take you a little longer to read.
                  | [potion of mutation]
  4204 | Ossuary  | Gained mutation: You are somewhat resistant to further
                  | mutation. [potion of mutation]
  4314 | Ossuary  | Lost mutation: Scrolls take you a little longer to read.
                  | [potion of mutation]
  4846 | D:5      | Found a staircase to the Ecumenical Temple.
  4851 | Temple   | Entered the Ecumenical Temple
  5033 | D:5      | Reached XP level 8. HP: 46/60 MP: 8/8
  5320 | D:5      | Reached skill level 2 in Long Blades
  5392 | D:6      | Reached skill level 5 in Armour
  6364 | D:6      | Reached skill level 3 in Long Blades
  6506 | D:6      | Reached skill level 5 in Bows
  6729 | D:6      | Reached skill level 1 in Dodging
  7214 | D:5      | Reached XP level 9. HP: 23/67 MP: 9/9
  7456 | D:6      | Found an iron altar of Okawaru.
  7458 | D:6      | Found a burning altar of Makhleb.
  7526 | D:6      | Reached skill level 4 in Long Blades
  7774 | D:7      | Upgraded the game from 0.24-a0-441-g27f0392 to
                  | 0.24-a0-443-g80245de
  7779 | D:7      | Reached skill level 5 in Fighting
  8064 | D:7      | Learned a level 3 spell: Portal Projectile
  8069 | D:7      | Learned a level 4 spell: Cause Fear
  8071 | D:7      | Learned a level 1 spell: Corona
  8084 | D:7      | Found an ornate altar of the Wu Jian Council.
  8164 | D:7      | Noticed a hippogriff
  8193 | D:7      | Killed a hippogriff
  8254 | D:7      | Reached skill level 5 in Long Blades
  8451 | D:6      | Became a worshipper of Warmaster Okawaru
  8768 | D:7      | Found a transporter.
  8768 | D:7      | Noticed a troll
  8908 | D:7      | Got a spiked plate armour
  8919 | D:7      | Identified the +0 plate armour of the Will of the Gods {rF+
                  | rC+ Str+6 SInv} (You found it on level 7 of the Dungeon)
  8969 | D:8      | Noticed Joseph
  9045 | D:8      | Noticed Joseph
  9045 | D:8      | Joseph changed into Joseph the sky beast
  9064 | D:8      | Killed Joseph the sky beast
  9071 | D:8      | Found a runed translucent door.
  9077 | D:8      | Noticed jgonzale2218's ghost (novice HOMo)
  9077 | D:8      | Noticed a polar bear
  9078 | D:8      | Identified the +3 spear "Inliugga" {pierce, rN+ Int+2
                  | Dex+2}
  9120 | D:8      | Found Ohuef's Magic Scroll Emporium.
  9139 | D:8      | Bought a scroll of blinking for 90 gold pieces
  9139 | D:8      | Bought a scroll of fear for 42 gold pieces
  9139 | D:8      | Bought a scroll of immolation for 42 gold pieces
  9139 | D:8      | Bought a scroll of vulnerability for 90 gold pieces
  9139 | D:8      | Bought a scroll of identify for 24 gold pieces
  9139 | D:8      | Bought a scroll of teleportation for 36 gold pieces
  9139 | D:8      | Bought a scroll of identify for 24 gold pieces
  9176 | D:8      | Found a snail-covered altar of Cheibriados.
  9589 | D:7      | Reached * piety under Okawaru
  9802 | D:8      | Reached skill level 6 in Long Blades
  9802 | D:8      | Reached XP level 10. HP: 76/76 MP: 0/10
  9994 | D:8      | Found a staircase to the Lair.
 10134 | D:8      | Found a deep blue altar of Sif Muna.
 10380 | D:9      | Noticed Erica
 10401 | D:9      | Killed Erica
 10401 | D:9      | Reached ** piety under Okawaru
 10543 | D:9      | Reached skill level 7 in Long Blades
 11393 | D:9      | Reached *** piety under Okawaru
 11661 | D:9      | Found the +5 scythe "Finisher" {speed, eviscerate}
 11704 | D:9      | Reached skill level 1 in Invocations
 11731 | D:9      | Reached skill level 8 in Long Blades
 11731 | D:9      | Reached XP level 11. HP: 43/83 MP: 8/12
 11940 | D:9      | Found a snail-covered altar of Cheibriados.
 11943 | D:9      | Noticed Grum
 11969 | D:9      | Killed Grum
 12103 | D:9      | Found a hazy altar of Hepliaklqana.
 12221 | D:9      | Found a bloodstained altar of Trog.
 12333 | D:10     | Entered Level 10 of the Dungeon
 12538 | D:10     | Found a staircase to the Orcish Mines.
 12558 | D:10     | Noticed an unseen horror
 12567 | D:10     | Killed an unseen horror
 12567 | D:10     | Reached skill level 5 in Dodging
 12736 | D:10     | Reached **** piety under Okawaru
 12742 | D:10     | Reached skill level 9 in Long Blades
 13256 | Lair:1   | Entered Level 1 of the Lair of Beasts
 13418 | Lair:1   | Found a frozen archway.
 13475 | Lair:1   | Received a gift from Okawaru
 13484 | IceCv    | Entered an ice cave
 14256 | IceCv    | Reached XP level 12. HP: 65/92 MP: 15/15
 14905 | IceCv    | Received a gift from Okawaru
 15022 | IceCv    | Reached skill level 10 in Long Blades
 15032 | IceCv    | Got a black opal-encrusted plate armour
 15358 | Lair:1   | Identified the +10 plate armour of a bazaar {Regen+} (You
                  | found it in an ice cave)
 15380 | Lair:1   | Noticed a seven-headed hydra
 15386 | Lair:1   | Killed a two-headed hydra
 15386 | Lair:1   | Reached ***** piety under Okawaru
 15535 | Lair:1   | Received a gift from Okawaru
 15697 | Lair:1   | Reached skill level 5 in Invocations
 16749 | Lair:2   | Received a gift from Okawaru
 17133 | Lair:3   | Reached skill level 1 in Stealth
 17225 | Lair:3   | Received a gift from Okawaru
 17479 | Lair:3   | Noticed Gastronok
 17481 | Lair:3   | Noticed Snorg
 17496 | Lair:3   | Killed Gastronok
 17496 | Lair:3   | Received a gift from Okawaru
 17496 | Lair:3   | Reached XP level 13. HP: 82/100 MP: 15/17
 17507 | Lair:3   | Slain by Snorg

Levels and vault maps discovered:
D:1:      dpeg_arrival_rooms_with_view, layout_basic, serial_glass,
          glass_columns_a, glass_columns_c
D:2:      layout_rooms, uniq_sigmund
D:3:      layout_loops_ring, led_sif_pool
D:4:      layout_basic, nemelex_altar_shiori, first_ration
D:5:      kennysheep_slugbush, layout_cave_pools,
          minmay_temple_entry_nine_rooms, enter_ossuary_4, lemuel_statue_altar
D:6:      layout_loops_corners, nicolae_overflow_hidden_temple
D:7:      gammafunk_beogh_shrine, layout_cave_pools, kennysheep_mini
D:8:      layout_cave_pools, nicolae_overflow_crystal_walls, dpeg_oklobed_lair,
          serial_shops, shop, ebering_ghost_funeral_grove, basic_altar,
          uniq_joseph
D:9:      layout_irregular_city, basic_altar, grunt_ogre_cave,
          hangedman_feature_mirror, minmay_guarded_unrand_finisher, uniq_grum,
          uniq_erica
D:10:     layout_loops_ring, orc_0_dummy
Temple:   minmay_crystal_spiral_temple
Lair:1:   layout_roguey, portal_ice_cave_entry_ice_beasts, grunt_megastairs_4,
          serial_bayou_shore_a
Lair:2:   layout_roguey, chequers_serial_rivers_micro_c, minivault_24
Lair:3:   layout_roguey, swamp_mist, ebering_ghost_xom, lemuel_fruit_fields,
          uniq_gastronok, uniq_snorg

Skill      XL: |  1  2  3  4  5  6  7  8  9 10 11 12 |
---------------+-------------------------------------+-----
Short Blades   | 2 3 |  3.7
Fighting       | 2 3 4 5 6 7 8 |  8.8
Bows           | 3 4 5 6 7 8 |  8.6
Armour         | 4 5 6 7 8 9 |  9.2
Long Blades    | 1 3 6 8 9 10 | 10.7
Dodging        | 1 3 4 5 7 |  7.0
Invocations    | 1 4 5 |  5.9
Stealth        | 2 |  2.3
Axes           | |  2.2
Throwing       | |  1.3
Shields        | |  1.0

Action                   |  1- 3 |  4- 6 |  7- 9 | 10-12 | 13-15 || total
-------------------------+-------+-------+-------+-------+-------++-------
Melee: Hand axe          |    27 |       |       |       |       ||    27
       Dagger            |    66 |   137 |   554 |   118 |       ||   875
       Falchion          |       |       |   210 |    30 |       ||   240
       Scimitar          |       |       |       |   542 |    10 ||   552
       Punch             |       |       |       |     8 |       ||     8
 Fire: Shortbow          |       |       |    68 |    85 |       ||   153
Throw: Dart              |       |       |       |       |     1 ||     1
Invok: Heroism           |       |       |       |    24 |       ||    24
Evoke: Wand              |       |       |    16 |    17 |       ||    33
  Use: Scroll            |     2 |       |    10 |     5 |       ||    17
       Potion            |     1 |       |    10 |     6 |       ||    17
 Stab: Sleeping          |     1 |       |       |       |       ||     1
       Confused          |       |       |       |     1 |       ||     1
  Eat: Chunk             |     2 |     4 |    10 |     9 |       ||    25
       Ration            |       |       |     4 |     5 |       ||     9
Armor: Ring mail         |     9 |    34 |       |       |       ||    43
       Leather armour    |    27 |     1 |       |       |       ||    28
       Scale mail        |       |    28 |   437 |       |       ||   465
       Skin              |       |       |    78 |    12 |       ||    90
       Plate armour      |       |       |    51 |   360 |     3 ||   414
Dodge: Dodged            |    63 |    60 |   372 |   330 |     6 ||   831
Block: Other             |     1 |    14 |   101 |    93 |     3 ||   212
       Reflection        |       |       |     2 |     1 |       ||     3
       Rpst.: Falchion   |       |       |    37 |     3 |       ||    40
       Scimitar          |       |       |       |    69 |       ||    69

Table legend:
 A = Non-vault XP
 B = Vault XP
 C = Vault XP percentage of total XP
 D = Non-vault monster count
 E = Vault monster count
 F = Vault count percentage of total count
                 A         B        C        D         E       F
            +---------+---------+-------+---------+---------+-------
      Total |   17043 |   11984 |  41.3 |     248 |      68 |  21.5
            +---------+---------+-------+---------+---------+-------
        D:1 |      37 |       4 |   9.8 |      21 |       2 |   8.7
        D:2 |      29 |     223 |  88.5 |      10 |       1 |   9.1
        D:3 |     100 |       0 |   0.0 |      22 |       0 |   0.0
        D:4 |     298 |       0 |   0.0 |      16 |       0 |   0.0
        D:5 |     414 |      30 |   6.8 |      19 |       9 |  32.1
        D:6 |     935 |       0 |   0.0 |      27 |       0 |   0.0
        D:7 |    1293 |       0 |   0.0 |      29 |       0 |   0.0
        D:8 |     585 |     132 |  18.4 |      19 |       1 |   5.0
        D:9 |    2009 |    2465 |  55.1 |      21 |      11 |  34.4
       D:10 |    3387 |       0 |   0.0 |      36 |       0 |   0.0
     Lair:1 |    3971 |    1194 |  23.1 |      12 |       9 |  42.9
     Lair:2 |    1836 |       0 |   0.0 |       7 |       0 |   0.0
     Lair:3 |    2149 |    2328 |  52.0 |       9 |       1 |  10.0
    Ossuary |       0 |      96 | 100.0 |       0 |      10 | 100.0
      IceCv |       0 |    5512 | 100.0 |       0 |      24 | 100.0
            +---------+---------+-------+---------+---------+-------
